 Dungeon Crawl Stone Soup version 0.27-a0-417-g317cea8a3c (webtiles) character file.

Game seed: 6825054998226309732

4 rednaxela the Sneak (level 1, -2/9 HPs)
             Began as a Spriggan Enchanter on Feb 26, 2021.
             Slain by a leopard gecko (4 damage)
             ... on level 1 of the Dungeon.
             The game lasted 00:03:07 (336 turns).

rednaxela the Sneak (Spriggan Enchanter)             Turns: 336, Time: 00:03:08

Health: -2/9       AC:  2    Str:  4    XL:     1   Next: 58%
Magic:  5/5        EV: 17    Int: 16    God:
Gold:   11         SH:  0    Dex: 15    Spells: 5/6 levels left

rFire    . . .     SeeInvis +   a - +1 dagger
rCold    . . .     Faith    .   (shield restricted)
rNeg     . . .     Spirit   .   b - +0 robe
rPois    .         Reflect  .   (helmet restricted)
rElec    .         Harm     .   (no cloak)
rCorr    .         Rampage  .   (gloves unavailable)
Will     .....                  (boots unavailable)
Stlth    +++.......             (no amulet)
HPRegen  0.03/turn              (no ring)
MPRegen  0.09/turn              (no ring)

@: very quick
A: very small, unfitting armour, see invisible, speed 3
a: no special abilities


You were on level 1 of the Dungeon.
You visited 1 branch of the dungeon, and saw 1 of its levels.

You collected 11 gold pieces.

Inventory:

Hand Weapons
 a - a +1 dagger (weapon)
Missiles
 c - 22 stones (quivered)
Armour
 b - a +0 robe (worn)
Scrolls
 d - a scroll of identify {unknown}
Potions
 e - a potion of mutation {unknown}


   Skills:
 - Level 1.1 Short Blades
 - Level 2.6 Dodging
 - Level 4.4 Stealth
 + Level 3.0 Spellcasting
 + Level 3.8 Hexes


You had 5 spell levels left.
You knew the following spells:

 Your Spells              Type           Power        Failure   Level
a - Corona                Hex            15%          3%          1

Your spell library contained the following spells:

 Spells                   Type           Power        Failure   Level
 Confusing Touch          Hex            14%          12%         3
 Tukima's Dance           Hex            14%          12%         3
 Ensorcelled Hibernation  Hex/Ice        16%          13%         2
 Dazzling Flash           Conj/Hex       16%          26%         3


Dungeon Overview and Level Annotations

Branches:
Dungeon (1/15)

Altars:


Innate Abilities, Weirdness & Mutations

You are very small and have problems with some larger weapons.
You are too small for most types of armour.
You have supernaturally acute eyesight. (SInv)
You cover ground extremely quickly.


Message History

Aim: a leopard gecko (heavily wounded, 42% to hit)
You throw a stone. The stone misses the leopard gecko.
You see here a stone.
The leopard gecko hisses menacingly.
You see here a stone.
Throw: 31 stones
Press: ? - help, Q - select action, (/) - cycle Shift-Dir - straight line, f/p - leopard gecko
Aim: a leopard gecko (heavily wounded, 42% to hit)
You throw a stone.
The stone barely misses the leopard gecko.
Throw: 30 stones
Press: ? - help, Q - select action, (/) - cycle Shift-Dir - straight line, f/p - leopard gecko
Aim: a leopard gecko (heavily wounded, 42% to hit)
You throw a stone.
The stone hits the leopard gecko but does no damage.
The leopard gecko is heavily wounded.
Throw: 29 stones
Press: ? - help, Q - select action, (/) - cycle Shift-Dir - straight line, f/p - leopard gecko
Aim: a leopard gecko (heavily wounded, 42% to hit)
You throw a stone.
The stone completely misses the leopard gecko.
You see here a stone.
You see here a stone.
Throw: 28 stones
Press: ? - help, Q - select action, (/) - cycle Shift-Dir - straight line, f/p - leopard gecko
Aim: a leopard gecko (moderately wounded, 42% to hit)
You throw a stone.
The stone barely misses the leopard gecko.
You see here a stone.
Throw: 27 stones
Press: ? - help, Q - select action, (/) - cycle Shift-Dir - straight line, f/p - leopard gecko
Aim: a leopard gecko (moderately wounded, 42% to hit)
You throw a stone.
The stone barely misses the leopard gecko.
Throw: 26 stones
Press: ? - help, Q - select action, (/) - cycle Shift-Dir - straight line, f/p - leopard gecko
Aim: a leopard gecko (moderately wounded, 42% to hit)
You throw a stone.
The stone closely misses the leopard gecko.
You see here 2 stones.
You see here 2 stones.
You see here a stone.
Throw: 25 stones
Press: ? - help, Q - select action, (/) - cycle Shift-Dir - straight line, f/p - leopard gecko
Aim: a leopard gecko (moderately wounded, 42% to hit)
You throw a stone.
The stone closely misses the leopard gecko.
Throw: 24 stones
Press: ? - help, Q - select action, (/) - cycle Shift-Dir - straight line, f/p - leopard gecko
Aim: a leopard gecko (moderately wounded, 42% to hit)
You throw a stone.
The stone hits the leopard gecko but does no damage.
The leopard gecko is moderately wounded.
You see here a stone.
Throw: 23 stones
Press: ? - help, Q - select action, (/) - cycle Shift-Dir - straight line, f/p - leopard gecko
Aim: a leopard gecko (moderately wounded, 42% to hit)
You throw a stone. The stone hits the leopard gecko.
The leopard gecko is heavily wounded.
Throw: 22 stones
Press: ? - help, Q - select action, (/) - cycle Shift-Dir - straight line, f/p - leopard gecko
Aim: a leopard gecko (moderately wounded, 42% to hit)
Okay, then.
You see here a stone.
You see here a stone.
You see here a stone.
You see here a stone.
You see here a stone.
You see here a stone.
You see here a stone.
You see here a stone.
Found 13 sling bullets and a dagger.
You see here 13 sling bullets.
A bat comes into view.
Found a clear potion.
e - a clear potion
Found a scroll labelled DUENWASMOTI.
A hobgoblin comes into view. It is wielding a +0 club.
Found a scroll labelled DUENWASMOTI.
The hobgoblin shouts!
The hobgoblin closely misses you.
You closely miss the hobgoblin. The hobgoblin hits you with a +0 club.
* * * LOW HITPOINT WARNING * * *
A bat is nearby!
You start resting.
A leopard gecko is nearby!
A bat is nearby!
The bat closely misses you.
The leopard gecko hisses angrily.
The bat hits you.
* * * LOW HITPOINT WARNING * * *
You are too injured to fight recklessly!
The bat completely misses you.
You hit the bat.
The bat is heavily wounded.
The bat barely misses you.
You closely miss the bat.
The bat is heavily wounded.
The bat misses you. The leopard gecko bites you.
You die...

♣...♣8♣..## .
♣..♣..♣(.♣.# #.
...♣8♣.).♣8♣# .
.♣..♣..♣..♣.# #.
l♣8♣...♣8♣...#
.♣..♣..♣..♣..♣.##.#
#♣8♣...♣8♣...♣8♣##.#
#.♣l.♣..♣..♣..♣.##.#
##.@♣8♣...♣8♣..#....
###.♣..♣..♣.#.#.#.#
#...♣8♣..#.......
#..#.♣.###..#....
#.####.# #..#.g..
#......# #....###
######.# #.##.###
#.# #.##.... #.#
#.##.###


You could see a leopard gecko.

Vanquished Creatures
  An ooze (D:1)
1 creature vanquished.

Notes
Turn   | Place    | Note
-------+----------+-------------------------------------------
     0 | D:1      | rednaxela the Spriggan Enchanter began the quest for the
                  | Orb.
     0 | D:1      | Reached XP level 1. HP: 9/9 MP: 5/5
    51 | D:1      | Reached skill level 3 in Spellcasting
   336 | D:1      | Slain by a leopard gecko

Illustrated notes

Levels and vault maps discovered:
D:1:      psy_arrival_basics, layout_loops_ring, kennysheep_doodads,
          minmay_misc_feat_x

Skill      XL: |  1 |
---------------+----+-----
Spellcasting   | 3 |  3.0
Short Blades   | |  1.1
Dodging        | |  2.6
Stealth        | |  4.4
Hexes          | |  3.8

Action                   || total
-------------------------++-------
Melee: Dagger            ||    11
Throw: Stone             ||    20
 Cast: Corona            ||     4
 Stab: Sleeping          ||     1
Dodge: Dodged            ||    12

Table legend: (Time is in decaauts)
 A = Elapsed time spent in this place.
 B = Non-inter-level travel time spent in this place.
 C = Inter-level travel time spent in this place.
 D = Time resting spent in this place.
 E = Time spent auto-exploring this place.
 F = Levels seen in this place.
 G = Mean time per level.
                   A        B        C        D        E       F      G
               +--------+--------+--------+--------+--------+-----+--------+
         Total |    233 |    233 |      0 |     33 |     21 |   1 |  233.0 |
       Dungeon |    233 |    233 |      0 |     33 |     21 |   1 |  233.0 |
               +--------+--------+--------+--------+--------+-----+--------+

Top non-repeatable levels by time:
     D:1: 233 daAuts
